 Dungeon Sprint DCSS version 0.30-a0-1112-gfb780f5df6 (webtiles) character file.

Game seed: 9428064795475067003

2533 BigDaddyOpFi the End of an Era (level 13, -16/102 HPs)
             Began as an Octopode Fighter on Apr 19, 2023.
             Was the Champion of Qazlal.
             Demolished by a golden dragon simulacrum (48 damage)
             ... in the Dungeon (Sprint VI: "Thunderdome").
             The game lasted 00:09:37 (1714 turns).

BigDaddyOpFi the End of an Era (Octopode Fighter)   Turns: 1714, Time: 00:09:38

Health: -16/102    AC:  8    Str: 26    XL:     13   Next: 52%
Magic:  35/35      EV: 18    Int: 17    God:    Qazlal [******]
Gold:   1106       SH: 15    Dex: 12    Spells: 12/12 levels left

rFire   + . .      SeeInvis +    t - +8 broad axe (spect)
rCold   . . .      Faith    .    b - +0 buckler
rNeg    + + .      Spirit   .    (helmet restricted)
rPois   +          Reflect  .    n - amulet "Rozugaf" {RegenMP rElec Regen+}
rElec   +          Rampage  .    q - ring "Lioggeuvexo" {rPois Will+ rCorr Str+6}
rCorr   +          NoTele   +    p - ring of Xom's Wantonness {rN+ AC+4}
Will    +....                    o - ring of Wishful Thinking {rF+ rCorr Int+3}
Stlth   +                        s - ring "Qetzoahic" {+Blink rElec rC+ SInv}
HPRegen 1.17/turn                r - ring "Poobonet" {rC- rN+ MP+9 Dex+2}
MPRegen 0.64/turn                (no ring)
                                 (no ring)
                                 (no ring)

@: protected from physical damage, repel missiles
A: almost no armour, amphibious, 8 rings, camouflage 1, gelatinous body 1,
(nimble swimmer 1), tentacles, clever 1
}: 2/15 runes: decaying, gossamer
a: Renounce Religion, Evoke Blink, Upheaval, Elemental Force, Disaster Area


You were in the Dungeon.
You worshipped Qazlal.
Qazlal was exalted by your worship.
You visited 1 branch You collected 2700 gold pieces.
You spent 1594 gold pieces at shops.

Inventory:

Hand Weapons
 k - the +6 broad axe of the Nexus {spect, Str+2}
   (You found it in the Dungeon)

   Str:       It affects your strength (+2).
 t - a +8 spectral broad axe (weapon)
Armour
 b - a +0 buckler (worn)
Magical Staves
 e - a staff of poison
Jewellery
 n - the amulet "Rozugaf" (around mantle) {RegenMP rElec Regen+}
   (You bought it in a shop in the Dungeon)

   [amulet of magic regeneration]

   It increases your rate of magic regeneration.
   rElec:     It insulates you from electricity.
   Regen:     It increases your rate of health regeneration.
 o - the ring of Wishful Thinking (on tentacle) {rF+ rCorr Int+3}
   (You bought it in a shop in the Dungeon)

   [ring of resist corrosion]

   Int:       It affects your intelligence (+3).
   rF:        It protects you from fire.
   rCorr:     It protects you from acid and corrosion.
 p - the ring of Xom's Wantonness (right tentacle) {rN+ AC+4}
   (You bought it in a shop in the Dungeon)

   [ring of protection]

   AC:        It affects your AC (+4).
   rN:        It protects you from negative energy.
 q - the ring "Lioggeuvexo" (left tentacle) {rPois Will+ rCorr Str+6}
   (You bought it in a shop in the Dungeon)

   [ring of strength]

   Str:       It affects your strength (+6).
   rPois:     It protects you from poison.
   rCorr:     It protects you from acid and corrosion.
   Will:      It increases your willpower.
 r - the ring "Poobonet" (on tentacle) {rC- rN+ MP+9 Dex+2}
   (You bought it in a shop in the Dungeon)

   [ring of magical power]

   Dex:       It affects your dexterity (+2).
   rC:        It makes you vulnerable to cold.
   rN:        It protects you from negative energy.
   MP:        It affects your magic capacity (+9).
 s - the ring "Qetzoahic" (on tentacle) {+Blink rElec rC+ SInv}
   (You bought it in a shop in the Dungeon)

   [ring of see invisible]

   rC:        It protects you from cold.
   rElec:     It insulates you from electricity.
   SInv:      It lets you see invisible.
   +Blink:    It lets you blink.
Wands
 d - a wand of flame (8)
Scrolls
 i - 3 scrolls of blinking
 m - 3 scrolls of fog
Potions
 a - 2 potions of curing
 c - a potion of might
 f - a potion of haste
 g - 2 potions of magic
 h - a potion of berserk rage


   Skills:
 + Level 14.3 Fighting
 + Level 13.5 Axes
 + Level 13.7 Dodging
 + Level 13.6 Shields
 * Level 18.9 Invocations


You had 12 spell levels left.
You didn't know any spells.
Your spell library was empty.

Dungeon Overview and Level Annotations

Branches:
Dungeon (1/1)

Altars:
Cheibriados
Dithmenos
Fedhas
Gozag
Kikubaaqudgha
Makhleb
Okawaru
Qazlal
Ru
Sif Muna
Trog
Uskayaw
Vehumet
Wu Jian
Xom
Yredelemnul
Zin
The Shining One
Lugonu

Shops:
D *[??*?*:[((!!!!


Innate Abilities, Weirdness & Mutations

You cannot wear most types of armour.
You are amphibious.
You can wear up to eight rings at the same time.
Your skin changes colour to match your surroundings (Stealth+).
Your rubbery body absorbs attacks. (AC +1, EV +1)
((You are camouflaged when in or above water. (Stealth+)))
You have tentacles for arms and can constrict up to eight enemies at once.
Your mind is acute. (Int +4, Str/Dex -1)


Message History

Your +8 spectral broad axe disappears.
The rime drake breathes ice at you. The icy flash freeze misses you.
The rime drake is engulfed in blazing flames.
The rime drake barely misses you.
You miss the rime drake. You slash the rime drake!
Your +8 spectral broad axe hits the rime drake!!
Your +8 spectral broad axe hits the rime drake.
Your +8 spectral broad axe barely misses the rime drake.
Your +8 spectral broad axe hits the rime drake!
You block the rime drake's attack.
The rime drake is engulfed in blazing flames.
You kill the rime drake!
Qazlal accepts your kill.
A spriggan simulacrum comes into view.
The rime drake bites you.
You feel more protected from physical attacks.
A golden dragon simulacrum comes into view.
You slash the stone giant simulacrum!
You squeeze the stone giant simulacrum, but do no damage.
The stone giant simulacrum is lightly damaged.
You closely miss the rime drake.
Your +8 spectral broad axe hits the stone giant simulacrum!
Your +8 spectral broad axe hits the rime drake!
Your +8 spectral broad axe hits the rime drake!!
You kill the rime drake!
Qazlal accepts your kill.
Your +8 spectral broad axe hits the stone giant simulacrum but does no damage.
Your +8 spectral broad axe is engulfed in freezing vapours. x2
You slash the stone giant simulacrum! You squeeze the stone giant simulacrum!
The stone giant simulacrum vaporises!
Qazlal accepts your kill.
Your +8 spectral broad axe disappears.
Things that are here:
a +0 shortbow; a rime drake corpse The golden dragon simulacrum bites you!
The golden dragon simulacrum freezes you!!
The golden dragon simulacrum claws you!
The golden dragon simulacrum freezes you!!!
You die...

#∩..).[..∩# #_......._#
#_)[....._# #_......._#
###......[..### #().....)....)#
######.8.)....°°.8.######
##..__......###Z°☼§)._._∩##
##∩........8.# #@8..○.....∩###
.......÷.....###Z.§...)...)..##
....).....###...###..........⌠#
........[.# #.<.# #......)...⌠#
..........###...###.......)..⌠#
.............###.........)...##
##∩........8.# #.8........∩###
##∩__....[..###......___∩##
######.8.†.......8.######


You could see a golden dragon simulacrum and a spriggan simulacrum.

Vanquished Creatures
  Arachne (D)
  Nessos (D)
  2 merfolk impalers (D)
  2 hydras (D)
  An entropy weaver (shapeshifter) (D)
  2 centaur warriors (D)
  A fire crab (shapeshifter) (D)
  4 swamp dragons (D)
  A shining eye (D)
  A will-o-the-wisp (D)
  A salamander (shapeshifter) (D)
  An elephant (shapeshifter) (D)
  3 rime drakes (D)
  5 merfolk (D)
  A bloated husk (D)
  A snapping turtle (D)
  A stone giant simulacrum (D)
  A culicivora (D)
  2 spriggans (shapeshifter) (D)
  A golden eye (shapeshifter) (D)
  A floating eye (D)
  3 ice beasts (D)
  12 centaurs (D)
  2 necrophages (D)
  A wight (D)
  2 jellies (D)
  A spriggan simulacrum (D)
  An adder zombie (D)
  An adder simulacrum (D)
  3 bat skeletons (D)
  2 endoplasms (D)
  A ball python zombie (D)
  A bat simulacrum (D)
  A giant cockroach zombie (D)
  A jackal skeleton (D)
  2 quokka skeletons (D)
68 creatures vanquished.

Vanquished Creatures (collateral kills)
  A wizard (D)
1 creature vanquished.

Vanquished Creatures (others)
  An eleionoma (D)
  A spriggan druid (D)
  2 foxfires (D)
4 creatures vanquished.

Grand Total: 73 creatures vanquished

Notes
Turn   | Place    | Note
-------+----------+-------------------------------------------
     0 | D        | BigDaddyOpFi the Octopode Fighter began the quest for the
                  | Orb.
     0 | D        | Reached XP level 1. HP: 16/16 MP: 1/1
     3 | D        | Found a basalt altar of Yredelemnul.
     3 | D        | Found a sacrificial altar of Ru.
     4 | D        | Found a blossoming altar of Fedhas.
     4 | D        | Found a glowing golden altar of the Shining One.
     5 | D        | Found a snail-covered altar of Cheibriados.
     5 | D        | Round 1.
     6 | D        | Found a hide-covered altar of Uskayaw.
     6 | D        | Found Gizol's Identification Station.
     7 | D        | Found Cemmoul's Jewellery.
     7 | D        | Found Ecsunt's Advanced Armour.
     8 | D        | Found a shimmering blue altar of Sif Muna.
    15 | D        | Bought a brightly glowing jade amulet for 45 gold pieces
    15 | D        | Identified the amulet "Rozugaf" {RegenMP rElec Regen+} (You
                  | bought it in a shop in the Dungeon)
    15 | D        | Bought a bound pewter ring for 45 gold pieces
    15 | D        | Identified the ring of Wishful Thinking {rF+ rCorr Int+3}
                  | (You bought it in a shop in the Dungeon)
    15 | D        | Bought a clouded silver ring for 45 gold pieces
    15 | D        | Identified the ring of Xom's Wantonness {rN+ AC+4} (You
                  | bought it in a shop in the Dungeon)
    15 | D        | Bought a coiled bone ring for 45 gold pieces
    15 | D        | Identified the ring "Lioggeuvexo" {rPois Will+ rCorr Str+6}
                  | (You bought it in a shop in the Dungeon)
    25 | D        | Noticed a necrophage
    28 | D        | Killed a necrophage
    29 | D        | Reached XP level 2. HP: 23/23 MP: 2/2
    29 | D        | Reached XP level 3. HP: 27/27 MP: 3/3
    31 | D        | Reached XP level 4. HP: 34/34 MP: 4/4
    36 | D        | Found a corrupted altar of Lugonu.
    42 | D        | Found Poiloar's Magic Scroll Shop.
    44 | D        | Found a radiant altar of Vehumet.
    44 | D        | Found a glowing silver altar of Zin.
    44 | D        | Found an opulent altar of Gozag.
    44 | D        | Found Oxza Zea's Staff Store.
    44 | D        | Found Paeczuxy's Magic Scroll Shop.
    44 | D        | Found Ucinop's Must-Have Magic.
    48 | D        | Noticed a necrophage
    49 | D        | Found a shimmering altar of Xom.
    56 | D        | Killed a necrophage
    57 | D        | Reached skill level 5 in Fighting
    57 | D        | Reached skill level 5 in Axes
    57 | D        | Reached skill level 5 in Dodging
    57 | D        | Reached skill level 5 in Shields
    57 | D        | Reached XP level 5. HP: 40/40 MP: 5/5
    58 | D        | Found an ornate altar of the Wu Jian Council.
    62 | D        | Arena points: 14 (+14) [x2]
    65 | D        | Found Lirao's Distillery.
    65 | D        | Found Naufaani's Distillery.
    71 | D        | Found Asuaz's Bottled Wisdom.
    72 | D        | Found an ancient bone altar of Kikubaaqudgha.
    72 | D        | Found a burning altar of Makhleb.
    72 | D        | Found a bloodstained altar of Trog.
    72 | D        | Found Nanotome's Do-It-Yourself Clinic.
    78 | D        | Found a stormy altar of Qazlal.
    82 | D        | Found a shadowy altar of Dithmenos.
    82 | D        | Found an iron altar of Okawaru.
    82 | D        | Found Paer's Weapon Rack.
    82 | D        | Found Covvis Cea's Premium Goods.
    83 | D        | Found Uninaudodgh's Basic Armour.
    83 | D        | Found Orghan's Miscellaneous Merchandise.
    91 | D        | Became a worshipper of Qazlal Stormbringer
   124 | D        | Round 2.
   169 | D        | Reached skill level 3 in Invocations
   194 | D        | Reached * piety under Qazlal
   250 | D        | Reached ** piety under Qazlal
   250 | D        | Arena points: 56 (+42) [x3]
   282 | D        | Bought a scintillating iron ring for 45 gold pieces
   282 | D        | Identified the ring "Poobonet" {rC- rN+ MP+9 Dex+2} (You
                  | bought it in a shop in the Dungeon)
   282 | D        | Bought a crude pewter ring for 45 gold pieces
   282 | D        | Identified the ring "Qetzoahic" {+Blink rElec rC+ SInv}
                  | (You bought it in a shop in the Dungeon)
   283 | D        | Round 3.
   285 | D        | Noticed a floating eye
   292 | D        | Killed a floating eye
   293 | D        | Reached skill level 5 in Invocations
   293 | D        | Reached XP level 6. HP: 47/47 MP: 9/9
   298 | D        | Reached *** piety under Qazlal
   316 | D        | Noticed a shining eye
   318 | D        | Gained mutation: Your mind is acute. (Int +4, Str/Dex -1)
                  | [a shining eye]
   324 | D        | Killed a shining eye
   325 | D        | Reached skill level 8 in Invocations
   325 | D        | Reached XP level 7. HP: 55/55 MP: 13/13
   327 | D        | Arena points: 140 (+84) [x4]
   351 | D        | Bought a +0 broad axe for 120 gold pieces
   352 | D        | Round 4.
   395 | D        | Reached **** piety under Qazlal
   396 | D        | Reached XP level 8. HP: 61/61 MP: 14/14
   410 | D        | Reached skill level 9 in Invocations
   422 | D        | Noticed a rime drake
   427 | D        | Killed a rime drake
   431 | D        | Reached ***** piety under Qazlal
   431 | D        | Arena points: 280 (+140) [x5]
   432 | D        | Reached skill level 10 in Invocations
   460 | D        | Bought a scroll of brand weapon for 95 gold pieces
   497 | D        | Round 5.
   515 | D        | Noticed a seven-headed hydra
   520 | D        | Killed a seven-headed hydra
   521 | D        | Reached skill level 11 in Invocations
   521 | D        | Reached XP level 9. HP: 49/68 MP: 17/17
   543 | D        | Noticed a swamp dragon
   546 | D        | Noticed a witch
   553 | D        | Killed a swamp dragon
   556 | D        | Killed a witch
   556 | D        | Identified the +6 broad axe of the Nexus {spect, Str+2}
                  | (You found it in the Dungeon)
   556 | D        | Arena points: 560 (+280) [x7]
   557 | D        | Reached skill level 10 in Fighting
   557 | D        | Reached skill level 10 in Dodging
   557 | D        | Reached skill level 10 in Shields
   557 | D        | Reached skill level 12 in Invocations
   557 | D        | Got a decaying rune of Zot
   562 | D        | Reached skill level 10 in Axes
   562 | D        | Reached skill level 13 in Invocations
   562 | D        | Reached XP level 10. HP: 77/77 MP: 16/19
   737 | D        | Round 6.
   739 | D        | Noticed a merfolk impaler
   747 | D        | Killed a merfolk impaler
   748 | D        | Reached XP level 11. HP: 49/82 MP: 21/21
   758 | D        | Reached skill level 14 in Invocations
   795 | D        | Noticed a merfolk impaler
   804 | D        | Killed a merfolk impaler
   804 | D        | Arena points: 992 (+432) [x8]
   805 | D        | Reached skill level 15 in Invocations
   814 | D        | Bought a scroll of brand weapon for 95 gold pieces
   866 | D        | Round 7.
   942 | D        | Noticed Nessos
   969 | D        | Killed Nessos
  1015 | D        | Reached ****** piety under Qazlal
  1031 | D        | Arena points: 1041 (+49) [x1]
  1046 | D        | Round 8.
  1048 | D        | Bought 8 scrolls of enchant weapon for 600 gold pieces
  1073 | D        | a raiju changed into a salamander
  1073 | D        | Noticed a salamander (shapeshifter)
  1075 | D        | Noticed an entropy weaver
  1077 | D        | Killed a salamander
  1082 | D        | Killed an entropy weaver
  1083 | D        | Reached skill level 16 in Invocations
  1105 | D        | Noticed a fire crab
  1110 | D        | Killed a fire crab
  1113 | D        | Arena points: 1169 (+128) [x2]
  1180 | D        | Round 9.
  1254 | D        | Noticed a centaur warrior
  1260 | D        | Noticed a centaur warrior
  1263 | D        | Killed a centaur warrior
  1268 | D        | Killed a centaur warrior
  1269 | D        | Reached skill level 17 in Invocations
  1269 | D        | Reached XP level 12. HP: 89/92 MP: 24/24
  1311 | D        | Arena points: 1439 (+270) [x3]
  1326 | D        | Bought 3 scrolls of blinking for 225 gold pieces
  1346 | D        | Bought 4 potions of curing for 84 gold pieces
  1346 | D        | Bought 3 potions of heal wounds for 105 gold pieces
  1359 | D        | Round 10.
  1373 | D        | Noticed Arachne
  1383 | D        | Killed Arachne
  1383 | D        | Identified the +1 hand axe of Qulij {elec, Stlth+} (You
                  | found it in the Dungeon)
  1383 | D        | Arena points: 1939 (+500) [x5]
  1389 | D        | Got a gossamer rune of Zot
  1510 | D        | Reached XP level 13. HP: 100/100 MP: 25/25
  1583 | D        | Round 11.
  1592 | D        | Reached skill level 18 in Invocations
  1600 | D        | Noticed an eleionoma
  1614 | D        | Killed an eleionoma
  1658 | D        | Arena points: 2533 (+594) [x6]
  1681 | D        | Round 12.
  1714 | D        | Demolished by a golden dragon simulacrum

Illustrated notes

Levels and vault maps discovered:
D:        arena_sprint

Skill      XL: |  1  2  3  4  5  6  7  8  9 10 11 12 13 |
---------------+----------------------------------------+-----
Fighting       | 4 5 6 8 9 10 12 13 14 | 14.3
Axes           | 4 5 6 7 9 10 12 13 | 13.5
Dodging        | 4 5 6 7 8 9 10 12 13 | 13.7
Shields        | 4 5 6 7 8 9 10 12 13 | 13.6
Invocations    | 5 8 11 13 17 18 | 18.9

Action                     |  1- 3 |  4- 6 |  7- 9 | 10-12 | 13-15 || total
---------------------------+-------+-------+-------+-------+-------++-------
  Melee: War axe           |     4 |    27 |     1 |       |       ||    32
         Constrict         |     1 |     5 |       |    10 |       ||    16
         Tentacles         |     1 |     3 |     4 |    17 |     4 ||    29
         Broad axe         |       |       |    16 |    59 |    19 ||    94
         Punch             |       |       |       |       |     1 ||     1
 Invoke: Upheaval          |       |       |     1 |     1 |       ||     2
         Elemental Force   |       |       |     1 |     1 |       ||     2
         Disaster Area     |       |       |     1 |     1 |       ||     2
  Evoke: Wand              |       |       |     5 |       |     5 ||    10
    Use: Scroll            |       |       |     1 |    10 |     3 ||    14
         Potion            |       |       |     1 |     8 |     7 ||    16
   Stab: Distracted        |       |     1 |       |     1 |     2 ||     4
         Paralysed         |       |       |       |     2 |       ||     2
 Armour: Skin              |     1 |     6 |     6 |     8 |    13 ||    34
  Dodge: Dodged            |     1 |    17 |    11 |    91 |    48 ||   168
         Repelled          |       |       |       |       |     2 ||     2
  Block: Buckler           |     2 |     5 |     8 |   110 |    24 ||   149

Table legend: (Time is in decaauts)
 A = Elapsed time spent in this place.
 B = Non-inter-level travel time spent in this place.
 C = Inter-level travel time spent in this place.
 D = Time resting spent in this place.
 E = Time spent auto-exploring this place.
 F = Levels seen in this place.
 G = Mean time per level.
                   A        B        C        D        E       F      G
               +--------+--------+--------+--------+--------+-----+--------+
         Total |   1684 |   1684 |      0 |    643 |      1 |   1 | 1684.0 |
       Dungeon |   1684 |   1684 |      0 |    643 |      1 |   1 | 1684.0 |
               +--------+--------+--------+--------+--------+-----+--------+

Top non-repeatable levels by time:
       D: 1684 daAuts
